 Dungeon Crawl Stone Soup version 0.30-a0-149-g7f746667c4 (webtiles) character file.

Game seed: 5121994945443873524

1245 ravioli the Magician (level 8, 0/54 HPs)
             Began as a Djinni Fire Elementalist on Sept 27, 2022.
             Was an Initiate of Ashenzari.
             Slain by a troll (7 damage)
             ... on level 7 of the Dungeon.
             The game lasted 00:20:21 (10942 turns).

ravioli the Magician (Djinni Fire Elementalist)    Turns: 10942, Time: 00:20:22

Health: 0/54       AC:  6    Str:  7    XL:     8   Next: 79%
Gold:   324        EV: 13    Int: 20    God:    Ashenzari [......] SH:  0 Dex: 13

rFire   + + +      SeeInvis .    z - staff of fire
rCold   x . .      Faith    .    (no shield)
rNeg    . . .      Spirit   .    a - +0 robe
rPois   ∞          Reflect  .    (no helmet)
rElec   .          Harm     .    A - +0 cloak
rCorr   .          Rampage  .    p - +2 pair of gloves
Will    +....                    (boots unavailable)
Stlth   ++........               (no amulet)
HPRegen 0.18/turn                k - ring of willpower
MPRegen 0.00/turn                (no ring)

@: flying
A: sickness immunity, fire resistance 2, cold vulnerability 1, float, innate
caster, HP casting, extra vitality 1
a: Renounce Religion, Curse Item


You were on level 7 of the Dungeon.
You worshipped Ashenzari.
Ashenzari was noncommittal.
You visited 1 branch of the dungeon, and saw 7 of its levels.

You collected 424 gold pieces.
You spent 100 gold pieces at shops.

Inventory:

Armour
 a - a +0 robe (worn)
 p - a +2 pair of gloves (worn)
 A - a +0 cloak (worn)
Magical Staves
 z - a staff of fire (weapon)
Jewellery
 k - a ring of willpower (left hand)
 l - the amulet of Elemental Vulnerability {rPois rF-- rC-- AC+8}
   (You found it on level 3 of the Dungeon)

   [amulet of nothing]

   AC:        It affects your AC (+8).
   rF:        It makes you very vulnerable to fire.
   rC:        It makes you very vulnerable to cold.
   rPois:     It protects you from poison.
 w - a +6 ring of strength
 B - an amulet of regeneration
Wands
 q - a wand of flame (4)
Scrolls
 c - a scroll of noise
 g - 4 scrolls of fear
 i - a scroll of enchant weapon
 o - 2 scrolls of magic mapping
 r - 3 scrolls of brand weapon {unknown}
 s - a scroll of silence {unknown}
 t - a scroll of amnesia {unknown}
 u - a scroll of blinking {unknown}
 v - a scroll of teleportation {unknown}
 y - a scroll of immolation {unknown}
 C - 2 scrolls of identify
Potions
 b - a potion of flight
 d - 6 potions of curing
 e - 3 potions of might
 h - 2 potions of invisibility
 j - a potion of magic {unknown}
 m - a potion of attraction {unknown}
 n - a potion of haste {unknown}
 x - a potion of brilliance {unknown}


   Skills:
 * Level 2.3 Fighting
 + Level 4.1 Dodging
 + Level 3.5 Stealth
 + Level 6.8 Spellcasting


You had 2 spell levels left.
You knew the following spells:

 Your Spells              Type           Power      Damage    Failure   Level
a - Foxfire               Conj/Fire      100%       2x1d9     1%          1
b - Scorch                Fire           100%       2d10      1%          2
c - Kindle Blastsparks    Fire/Tloc/Air  100%       2d18      1%          3
d - Inner Flame           Hex/Fire       50%        N/A       1%          3
e - Flame Wave            Conj/Fire      50%        2d12      6%          4
f - Sting                 Tmut/Pois      100%       1d8       1%          1
g - Passwall              Tmut/Erth      28%        N/A       1%          2
h - Poisonous Vapours     Pois/Air       68%        N/A       1%          2
Your spell library was empty.

Dungeon Overview and Level Annotations

Branches:
Dungeon (7/15)
 Temple: D:4-7

Altars:
Ashenzari
Gozag
Hepliaklqana
Nemelex Xobeh

Shops:
D:1 !   D:4 *   D:5 ?

Annotations:
D:6 2 transporters


Innate Abilities, Weirdness & Mutations

You are immune to sickness and miasma.
You are immune to poison.
Your flesh is very heat resistant. (rF++)
You are vulnerable to cold. (rC-)
You float through the air rather than walking.
You learn spells naturally, not from books.
Your magical power is your life essence.
You have superior vitality. (+4 MHP)


Message History

Unknown command.
Casting: Scorch (safe; 1% risk of failure)
Confirm with . or Enter, or press ? or * to list all spells.
You feel a surge of power!
You conjure some foxfire!
The troll misses you. The troll barely misses you.
The troll claws you but does no damage. The troll barely misses you.
The troll claws you but does no damage. The troll claws you.
The foxfire hits the troll!
The troll is burned terribly!
The troll is severely wounded.
Your foxfire dissipates!
You feel much better.
The troll is no longer more vulnerable to fire.
The troll bites you but does no damage. The troll claws you but does no damage.
The troll barely misses you.
Casting: Foxfire (safe; 1% risk of failure)
Confirm with . or Enter, or press ? or * to list all spells.
You feel a surge of power!
You conjure some foxfire!
The troll bites you! The troll closely misses you.
The troll claws you but does no damage.
The foxfire hits the troll.
The troll is severely wounded.
The foxfire hits the troll.
The troll is severely wounded.
The troll bites you but does no damage. The troll claws you.
The troll claws you but does no damage.
Casting: Foxfire (safe; 1% risk of failure)
Confirm with . or Enter, or press ? or * to list all spells.
You feel a surge of power!
Flames lash the troll.
The troll is almost dead.
The troll's fire resistance burns away.
* * * LOW HITPOINT WARNING * * *
The troll barely misses you. The troll claws you!
* * * LOW HITPOINT WARNING * * *
The troll misses you.
Casting: Scorch (safe; 1% risk of failure)
Confirm with . or Enter, or press ? or * to list all spells.
You feel a surge of power!
You conjure some foxfire!
* * * LOW HITPOINT WARNING * * *
The troll looks more healthy.
The troll closely misses you. x2
The troll claws you!
You die...

##### #####
###v..########...#
#5T@.............#
#.#v...#######...#
##.##.#.# ##.##
#.....#.# #[####
#..####.# #.....
#.)####.### ###.##
##......... #.##
#.#####... #.##
#####.#####...
#.##


You could see a troll (combustible, ally target) and a shadow imp.

Vanquished Creatures
  A water moccasin (D:4)
  A sky beast (D:6)
  A phantom (D:5)
  2 bullfrogs (D:6)
  2 necrophages (D:6)
  3 scorpions
  3 orc priests
  A gnoll bouda (D:3)
  A jelly (D:5)
  2 iguanas
  2 orc wizards (D:5)
  11 gnolls
  7 adders
  A shadow imp (D:5)
  3 white imps (D:6)
  2 ufetubi
  2 worms
  2 dart slugs
  10 orcs
  5 endoplasms (D:3)
  4 giant cockroaches
  5 goblins
  8 hobgoblins
  4 jackals (D:3)
  A quokka (D:4)
  7 ball pythons
  4 bats
  3 frilled lizards
  7 kobolds
  4 rats
109 creatures vanquished.

Vanquished Creatures (collateral kills)
  A foxfire (D:3)
1 creature vanquished.

Vanquished Creatures (others)
  310 foxfires
  A fungus (D:1)
  A plant (D:1)
312 creatures vanquished.

Grand Total: 422 creatures vanquished

Notes
Turn   | Place    | Note
-------+----------+-------------------------------------------
     0 | D:1      | ravioli the Djinni Fire Elementalist began the quest for
                  | the Orb.
     0 | D:1      | ravioli set off with the following spells memorised:
                  | Foxfire, Scorch, Kindle Blastsparks, Inner Flame, Flame
                  | Wave.
     0 | D:1      | Reached XP level 1. HP: 15/15 MP: 0/0
   175 | D:1      | Reached XP level 2. HP: 20/21 MP: 0/0
   868 | D:1      | Reached skill level 3 in Spellcasting
   896 | D:1      | Reached XP level 3. HP: 25/25 MP: 0/0
   896 | D:1      | Learned a level 1 spell: Sting
  1028 | D:1      | Found a faded altar of an unknown god.
  1036 | D:1      | Prayed at the altar of an unknown god.
  1036 | D:1      | Became a worshipper of Ashenzari the Shackled
  1165 | D:1      | Found Mypruk's Distillery.
  1173 | D:1      | Bought a potion of heal wounds for 50 gold pieces
  1173 | D:1      | Bought a potion of heal wounds for 50 gold pieces
  1671 | D:2      | Found a hazy altar of Hepliaklqana.
  2439 | D:3      | Found the amulet of Elemental Vulnerability {rPois rF--
                  | rC-- AC+8}
  2631 | D:3      | Reached XP level 4. HP: 18/31 MP: 0/0
  2982 | D:3      | Found an opulent altar of Gozag.
  4748 | D:4      | Reached XP level 5. HP: 33/35 MP: 0/0
  4748 | D:4      | Learned a level 2 spell: Passwall
  4756 | D:3      | Reached skill level 4 in Spellcasting
  5495 | D:4      | Reached XP level 6. HP: 32/40 MP: 0/0
  6473 | D:4      | Noticed a water moccasin
  6558 | D:4      | Found Yrimiuf's Fire Supplies.
  7119 | D:5      | Entered Level 5 of the Dungeon
  7627 | D:4      | Killed a water moccasin
  7628 | D:4      | Reached skill level 1 in Fighting
  7628 | D:4      | Reached skill level 5 in Spellcasting
  7628 | D:4      | Reached XP level 7. HP: 27/47 MP: 0/0
  7628 | D:4      | Learned a level 2 spell: Poisonous Vapours
  9086 | D:5      | Reached XP level 8. HP: 49/52 MP: 0/0
  9122 | D:5      | Found Woiluin's Magic Scroll Shoppe.
  9406 | D:6      | Reached skill level 6 in Spellcasting
  9633 | D:6      | Found a transporter.
 10291 | D:6      | Noticed an orc sorcerer
 10292 | D:6      | Noticed a kobold demonologist
 10294 | D:6      | Found a transporter.
 10735 | D:6      | Found a sparkling altar of Nemelex Xobeh.
 10914 | D:7      | Noticed a troll
 10942 | D:7      | Slain by a troll

Illustrated notes

Levels and vault maps discovered:
D:1:      dpeg_arrival_court, layout_rooms, serial_shops,
          nicolae_shop_waterfront, shapermc_ecumenical_altar_hornbeckon,
          corexii_hall_statues_x, grunt_decor_junction, hangedman_decor_push
D:2:      layout_basic, basic_altar
D:3:      layout_loops_ring, mainiacjoe_overflow_alcove_1
D:4:      layout_basic, corexii_checkpoint_b, nicolae_shop_fire_sale
          [nicolae_sub_dead_trees]
D:5:      layout_basic, serial_shops, nicolae_shop_stone
D:6:      gammafunk_wand_slinger, layout_basic, mainiacjoe_overflow_chevrons,
          nrook_mini_vaults
D:7:      minmay_the_grid_octo_tiled_squarecenter
          [minmay_the_grid_octo_checkered, minmay_the_grid_octo_tetromino_candy,
          minmay_the_grid_octo_clover, minmay_the_grid_octo_horde,
          minmay_the_grid_square_5x5_megaprize_checkered,
          minmay_the_grid_square_5x5_three, minmay_the_grid_square_5x5_tie,
          minmay_the_grid_square_5x5_minivault, minmay_the_grid_square_5x5_meh],
          layout_loops_cross, minmay_temple_entry_ruins, serial_shops,
          shop_statue, uniq_duvessa

Skill      XL: |  1  2  3  4  5  6  7  8 |
---------------+-------------------------+-----
Spellcasting   | 3 4 5 6 |  6.8
Stealth        | 2 3 |  3.5
Dodging        | 3 4 |  4.1
Fighting       | 1 2 |  2.3

Action                   |  1- 3 |  4- 6 |  7- 9 || total
-------------------------+-------+-------+-------++-------
 Cast: Foxfire           |    55 |    79 |    50 ||   184
       Scorch            |       |    18 |    16 ||    34
       Kindle Blastspark |       |     2 |     1 ||     3
       Inner Flame       |       |     1 |       ||     1
       Poisonous Vapours |       |       |     3 ||     3
  Use: Scroll            |       |     8 |       ||     8
       Potion            |       |     3 |     1 ||     4
Armor: Robe              |     2 |    15 |    15 ||    32
Dodge: Dodged            |    22 |    33 |    34 ||    89

Table legend: (Time is in decaauts)
 A = Elapsed time spent in this place.
 B = Non-inter-level travel time spent in this place.
 C = Inter-level travel time spent in this place.
 D = Time resting spent in this place.
 E = Time spent auto-exploring this place.
 F = Levels seen in this place.
 G = Mean time per level.
                   A        B        C        D        E       F      G
               +--------+--------+--------+--------+--------+-----+--------+
         Total |  10949 |  10281 |    668 |   5527 |   3597 |   7 | 1564.1 |
       Dungeon |  10949 |  10281 |    668 |   5527 |   3597 |   7 | 1564.1 |
               +--------+--------+--------+--------+--------+-----+--------+

Top non-repeatable levels by time:
     D:4: 3288 daAuts
     D:3: 2710 daAuts
     D:6: 1464 daAuts
     D:1: 1316 daAuts
     D:2: 1122 daAuts
     D:5: 893 daAuts
     D:7: 153 daAuts
